 Dungeon Crawl Stone Soup version 0.21.1-1-g345015f (webtiles) character file.

1113 Monsterracer the Ruffian (level 8, -1/75 HPs)
             Began as a Troll Summoner on Apr 14, 2018.
             Slain by Bundty's ghost (11 damage)
             ... on level 5 of the Dungeon.
             The game lasted 00:06:03 (3481 turns).

Monsterracer the Ruffian (Troll Summoner)           Turns: 3481, Time: 00:06:04

Health: -1/75      AC:  6    Str: 17    XL:     8   Next: 12%
Magic:  8/8        EV: 12    Int: 13    God:
Gold:   113        SH:  0    Dex: 16    Spells: 8/9 levels left

rFire    . . .     SeeInvis .     - Unarmed
rCold    . . .     Gourm    +   (no shield)
rNeg     . . .     Faith    .   a - +0 robe
rPois    .         Spirit   .   (helmet restricted)
rElec    .         Reflect  .   m - +0 cloak
rCorr    .         Harm     .   (gloves unavailable)
MR       +....                  (boots unavailable)
Stlth    ++........             (no amulet)
HPRegen  0.62/turn              d - +6 ring of dexterity
MPRegen  0.11/turn              f - ring of protection from magic {!d}

@: no status effects
A: large, unfitting armour, claws 3, fast metabolism 3, gourmand, regeneration
1, shaggy fur 1, tough skin 2
a: no special abilities


You were on level 5 of the Dungeon.
You were completely stuffed.

You visited 1 branch of the dungeon, and saw 5 of its levels.

You collected 113 gold pieces.

Inventory:

Armour
 a - a +0 robe (worn)
 m - a +0 cloak (worn)
Jewellery
 d - a +6 ring of dexterity (left claw)
 f - a ring of protection from magic (right claw) {!d}
Scrolls
 g - a scroll of teleportation
 l - a scroll of remove curse
 o - a scroll of fog
Potions
 b - 4 potions of curing
 e - a potion of ambrosia {!q}
 h - 2 potions of invisibility {unknown}
 i - a potion of mutation {unknown}
 j - a potion of heal wounds {unknown}
 n - 2 potions of lignification
 p - a potion of resistance {unknown}
Comestibles
 c - 5 rations


   Skills:
 + Level 3.0 Fighting
 + Level 3.5 Dodging
 - Level 1.0 Stealth
 * Level 7.7 Unarmed Combat
 - Level 1.2 Spellcasting
 - Level 2.9 Summonings


You had 8 spell levels left.
You knew the following spells:

 Your Spells              Type           Power        Failure   Level  Hunger
a - Summon Small Mammal   Summ           #...         9%          1    ##.....


Dungeon Overview and Level Annotations

Branches:
Dungeon (5/15)
 Temple: D:4-7

Altars:
Ashenzari
Gozag
Makhleb
Okawaru
Wu Jian

Annotations:
D:5 Bundty's ghost, novice TrFi


Innate Abilities, Weirdness & Mutations

You are too large for most types of armour.
You have claws for hands.
Your metabolism is lightning-fast.
You like to eat raw meat.
Your natural rate of healing is unusually fast.
You are covered in fur. (AC +1)
You have very tough skin. (AC +2)


Message History

The ice beast is heavily wounded.
The ice beast hits you. The ice beast freezes you!
You take 15 damage, and have 56/74 hp.
MASSIVE DAMAGE!!
You closely miss the ice beast.
The ice beast is heavily wounded.
The ice beast closely misses you.
You barely miss the ice beast. You claw the ice beast.
The ice beast is heavily wounded.
The ice beast misses you.
You claw the ice beast!
The ice beast is almost dead.
The ice beast barely misses you.
You scratch the ice beast but do no damage.
The ice beast is almost dead.
The ice beast barely misses you.
You barely miss the ice beast.
The ice beast is almost dead.
You claw the ice beast!
You kill the ice beast!
Your Fighting skill increases to level 3!
You regained 2 hp, and now have 60/75 hp.
You start resting.
HP restored.
Health restored: 75 You butcher the leopard gecko corpse.
k - 2 chunks of flesh You see here a leopard gecko skeleton. x2
Eating one of 2 chunks of flesh.
You eat one of the 2 chunks of flesh.
This raw flesh tastes great.
Eating a chunk of flesh.
You eat the chunk of flesh.
This raw flesh tastes great.
Bundty's ghost (novice Troll Fighter) comes into view.
Bundty's ghost is nearby!
Bundty's ghost is nearby!
Bundty's ghost turns its malevolent gaze towards you.
You scratch Bundty's ghost but do no damage.
Bundty's ghost barely misses you.
You closely miss Bundty's ghost. Bundty's ghost misses you.
You claw Bundty's ghost!
Bundty's ghost is moderately damaged.
Bundty's ghost hits you!!
You completely miss Bundty's ghost.
Bundty's ghost is lightly damaged.
Bundty's ghost hits you!!
* * * LOW HITPOINT WARNING * * *
You take 49 damage, and have 26/75 hp.
MASSIVE DAMAGE!!
Unknown command.
Press: ? - help, v - describe, . - travel, g - get item
Here: Bundty's ghost (lightly damaged) 2 chunks of flesh.
The floor.
Found a stone staircase leading down.
Found a scroll of identify.
You scratch Bundty's ghost.
Bundty's ghost is lightly damaged.
Bundty's ghost closely misses you.
You barely miss Bundty's ghost.
Bundty's ghost is lightly damaged.
Bundty's ghost completely misses you.
You claw Bundty's ghost!
Bundty's ghost is moderately damaged.
Bundty's ghost shouts, "What do you have that I didn't have?"
Bundty's ghost barely misses you.
You claw Bundty's ghost!
Bundty's ghost is heavily damaged.
Bundty's ghost hits you!
You take 7 damage, and have 39/75 hp.
You claw Bundty's ghost!
Bundty's ghost is severely damaged.
Bundty's ghost hits you!
* * * LOW HITPOINT WARNING * * *
You take 16 damage, and have 23/75 hp.
MASSIVE DAMAGE!!
You scratch Bundty's ghost but do no damage.
Bundty's ghost is severely damaged.
You scratch Bundty's ghost but do no damage.
Bundty's ghost is severely damaged.
Bundty's ghost closely misses you.
You barely miss Bundty's ghost.
Bundty's ghost is severely damaged.
Bundty's ghost completely misses you.
You claw Bundty's ghost!
Bundty's ghost is severely damaged.
Bundty's ghost hits you but does no damage.
You scratch Bundty's ghost but do no damage.
Bundty's ghost is severely damaged.
Bundty's ghost barely misses you.
You claw Bundty's ghost!
Bundty's ghost is almost destroyed.
Bundty's ghost hits you but does no damage.
You scratch Bundty's ghost.
Bundty's ghost is almost destroyed.
Bundty's ghost hits you!
* * * LOW HITPOINT WARNING * * *
You take 17 damage, and have 9/75 hp.
MASSIVE DAMAGE!!
You scratch Bundty's ghost but do no damage.
Bundty's ghost is almost destroyed.
You barely miss Bundty's ghost.
Bundty's ghost is almost destroyed.
Bundty's ghost hits you!
You die...

######### #....?..#
.....##.# ##.... ..#
.....##.# ########
#..#.##.###......#
#.##..#..........##.#
#...@......###.#....#
....####W####.# #.#
...# . #......# #.#
...# ########
#.###..# #......#
..O.. #####.## ....
#####.## ... #.......
... #.......


You could see Bundty's ghost.

Vanquished Creatures
  Sigmund (D:2)
  Menkaure (D:4)
  An ice beast (D:5)
  An ogre (D:4)
  The ghost of VDreamerV the Shield-Bearer, an amateur FoFi (D:3)
  A bullfrog (D:4)
  A scorpion (D:4)
  A howler monkey (D:4)
  A bullfrog skeleton (D:4)
  A hound (D:5)
  2 orc priests (D:3)
  4 orc wizards (D:3)
  2 worker ants (D:4)
  4 adders
  3 oozes
  3 worms
  A dart slug (D:4)
  6 leopard geckos
  15 orcs
  A ball python (D:3)
  10 bats
  2 giant cockroaches (D:4)
  8 goblins
  8 hobgoblins
  4 jackals (D:3)
  A quokka (D:3)
  3 frilled lizards (D:1)
  9 kobolds
  6 rats
102 creatures vanquished.

Notes
Turn   | Place    | Note
-------+----------+-------------------------------------------
     0 | D:1      | Monsterracer the Troll Summoner began the quest for the Orb.
     0 | D:1      | Reached XP level 1. HP: 16/16 MP: 1/1
    62 | D:1      | Reached skill level 1 in Unarmed Combat
   178 | D:1      | Reached XP level 2. HP: 19/24 MP: 2/2
   387 | D:1      | Reached skill level 2 in Unarmed Combat
   802 | D:1      | Reached XP level 3. HP: 30/31 MP: 3/3
   952 | D:2      | Noticed Sigmund
   989 | D:2      | Killed Sigmund
   989 | D:2      | Reached skill level 5 in Unarmed Combat
   989 | D:2      | Reached XP level 4. HP: 28/39 MP: 4/4
   989 | D:2      | Reached XP level 5. HP: 32/45 MP: 5/5
  1303 | D:2      | Found a burning altar of Makhleb.
  1305 | D:2      | Found an ornate altar of the Wu Jian Council.
  1308 | D:2      | Found an iron altar of Okawaru.
  1497 | D:3      | Noticed VDreamerV's ghost (amateur FoFi)
  1510 | D:3      | HP: 11/46 [VDreamerV's ghost (15)]
  1511 | D:3      | HP: 1/46 [VDreamerV's ghost (11)]
  1623 | D:3      | HP: 18/46 [VDreamerV's ghost (9)]
  1679 | D:3      | HP: 17/46 [orc wizard/puff of flame (10)]
  1680 | D:3      | Killed VDreamerV's ghost
  1680 | D:3      | Reached skill level 1 in Fighting
  1680 | D:3      | Reached XP level 6. HP: 20/55 MP: 6/6
  1822 | D:3      | Reached skill level 6 in Unarmed Combat
  1857 | D:3      | HP: 17/55 [orc priest/nerve-wracking pain (14)]
  1861 | D:3      | HP: 8/55 [orc priest/club (4)]
  1863 | D:3      | HP: 3/55 [orc priest/club (6)]
  1864 | D:3      | HP: 1/55 [orc priest/club (3)]
  2067 | D:3      | Reached XP level 7. HP: 63/63 MP: 7/7
  2851 | D:4      | Noticed Menkaure
  2856 | D:4      | Killed Menkaure
  2856 | D:4      | Reached skill level 7 in Unarmed Combat
  2946 | D:4      | Found an opulent altar of Gozag.
  3001 | D:4      | Found a shattered altar of Ashenzari.
  3375 | D:5      | Entered Level 5 of the Dungeon
  3380 | D:5      | Reached XP level 8. HP: 72/74 MP: 8/8
  3432 | D:5      | Noticed Bundty's ghost (novice TrFi)
  3438 | D:5      | HP: 26/75 [Bundty's ghost (24)]
  3472 | D:5      | HP: 23/75 [Bundty's ghost (17)]
  3479 | D:5      | HP: 9/75 [Bundty's ghost (17)]
  3481 | D:5      | Slain by Bundty's ghost

Skill      XL: |  1  2  3  4  5  6  7  8 |
---------------+-------------------------+-----
Unarmed Combat | 1 2 5 6 7 |  7.7
Fighting       | 1 2 3 |  3.0
Dodging        | 2 3 |  3.5
Stealth        | |  1.0
Spellcasting   | |  1.2
Summonings     | |  2.9

Action                   |  1- 3 |  4- 6 |  7- 9 || total
-------------------------+-------+-------+-------++-------
Melee: Unarmed           |    66 |   115 |   121 ||   302
       Punch             |       |     4 |     2 ||     6
  Use: Scroll            |     4 |     1 |     6 ||    11
 Stab: Sleeping          |     2 |     2 |     3 ||     7
  Eat: Chunk             |    11 |    13 |    13 ||    37
Armor: Robe              |    40 |    22 |    15 ||    77
Dodge: Dodged            |    42 |    54 |    58 ||   154

Vault maps used:
D:1:      minmay_arrival_plants_in_alcoves
D:2:      minitemple, minmay_misc_feat_alley, uniq_sigmund
D:4:      cheibrodos_ashenzari_chains, lemuel_crystal_altar, uniq_menkaure
D:5:      temple_green, first_ration, serial_bayou_pond_a
